 Dungeon Crawl Stone Soup version 0.17-a0-1842-gacc33f2 (webtiles) character file.

50 dpvblackbelt the Slasher (level 3, -3/29 HPs)
             Began as a Demonspawn Chaos Knight on Sept 18, 2015.
             Slain by a gnoll
             ... wielding a +0 club
              (5 damage)
             ... on level 2 of the Dungeon.
             The game lasted 00:02:14 (543 turns).

dpvblackbelt the Slasher (Demonspawn Chaos Knight)   Turns: 543, Time: 00:02:14

Health: -3/29      AC:  5    Str: 12    XL:     3   Next: 55%
Magic:  3/3        EV: 12    Int: 13    God:    Xom [..*...]
Gold:   37         SH:  0    Dex: 13    Spells: 0 memorised, 2 levels left

rFire  . . .     SeeInvis .     a - +0 falchion (chaos)
rCold  . . .     Clarity  .     b - +2 leather armour
rNeg   . . .     SustAt   .     (no shield)
rPois  .         Gourm    .     (no helmet)
rElec  .         Spirit   .     (no cloak)
rCorr  .         Warding  .     (no gloves)
rMut   .         Stasis   .     (no boots)
MR     .....                    (no amulet)
Stlth  +.........               (no ring)
                                (no ring)

@: exhausted, slowed, drained, very slow, not resistant to hostile enchantments,
very unstealthy
A: hooves 1, repulsion field 1
a: Renounce Religion


You were on level 2 of the Dungeon.
You worshipped Xom.
You were a toy of Xom.
You were not hungry.

You visited 1 branch of the dungeon, and saw 3 of its levels.

You collected 37 gold pieces.

Inventory:

Hand weapons
 a - a +0 falchion of chaos (weapon)
 i - a +1 short sword of draining
Armour
 b - a +2 leather armour (worn)
Scrolls
 d - 3 scrolls of remove curse
 g - 2 scrolls of identify {unknown}
 h - a scroll of enchant weapon {unknown}
Comestibles
 c - a bread ration
 f - a beef jerky
 j - a chunk of flesh


   Skills:
 - Level 3.0(2.2) Fighting
 + Level 4.1(3.4) Long Blades
 - Level 1.7(1.0) Armour
 - Level 0.8(0.1) Dodging


You had 2 spell levels left.
You didn't know any spells.

Dungeon Overview and Level Annotations

Branches:
Dungeon (3/15)

Altars:
The Shining One


Innate Abilities, Weirdness & Mutations

You have large cloven feet.
You are surrounded by a mild repulsion field (EV +2).


Message History

A goblin comes into view.
The goblin shouts!
You hear a shout!
Found a white potion.
Found a stone staircase leading down.
There is a stone staircase leading up here.
An orc comes into view. It is wielding a trident.
The orc shouts!
The goblin misses you.
Found 10 gold pieces.
An orc comes into view. It is wielding a morningstar.
The orc shouts!
You slash the goblin! You freeze the goblin.
You kill the goblin!
An orc comes into view.
You are no longer berserk.
You are exhausted.
You feel yourself slow down.
There is a stone staircase leading up here.
You climb upwards.
The gnoll hits you with a club.
You die...
Xom roars with laughter!

#.......#
#.)..<..#####
#######........†
#.......#.######
#.#######.####
###...### #....##
##...#.... ###...#
##.....## ###'##
#..@....# #♣...♣
#..†g[..# #.....
#.(.....# #♣...♣
##.....### #.....
#.......########_##
#......gg†..g# ###
#........###g##
#..........#..######
##.....###....g..bg.


You could see 3 gnolls.

Vanquished Creatures
  A gnoll (D:2)
  2 adders (D:2)
  A giant gecko (D:1)
  3 bats
  A hobgoblin (D:2)
  2 jackals (D:2)
  5 kobolds
  A giant cockroach (D:2)
  A giant newt (D:1)
  5 goblins
  3 rats
25 creatures vanquished.

Notes
Turn   | Place    | Note
--------------------------------------------------------------
     0 | D:1      | dpvblackbelt the Demonspawn Chaos Knight began the quest for the Orb.
     0 | D:1      | Reached XP level 1. HP: 18/18 MP: 1/1
   199 | D:1      | Gained mutation: You have large cloven feet. [demonic ancestry]
   199 | D:1      | Reached XP level 2. HP: 24/24 MP: 2/2
   370 | D:2      | Found a glowing golden altar of the Shining One.
   474 | D:2      | Gained mutation: You are surrounded by a mild repulsion field (EV +2). [demonic ancestry]
   474 | D:2      | Reached XP level 3. HP: 10/29 MP: 3/3
   508 | D:2      | XOM: harmless Fire miscast
   522 | D:2      | XOM: potion effect (berserk rage)
   522 | D:2      | HP: 2/43 [giant cockroach (2)]
   523 | D:2      | Reached skill level 4 in Long Blades
   543 | D:2      | Slain by a gnoll

Vault maps used:
D:1:      dpeg_arrival_oval
D:2:      tso_altar, feat_on_display
D:3:      elyvilon_altar_1, lemuel_coloured_pillars_altar, vehumet_crystals,
          old_standard_altar, serial_glass, glass_columns_a, glass_columns_a,
          glass_columns_b, glass_columns_a, glass_columns_a, glass_columns_b,
          glass_columns_c, glass_columns_b, glass_columns_c, glass_columns_b,
          item_on_display_a, feat_on_display, due_unseen_surprise,
          minmay_strange_pillars, first_bread, minivault_5, columned_hall_lemuel

Action                   || total
-------------------------++-------
Melee: Falchion          ||    65
  Use: Scroll            ||     1
       Potion            ||     1
